 Dungeon Crawl Stone Soup version 0.25.1-2-g60ff931df9 (webtiles) character file.

Game seed: 2381310020224813543

2543 hawla the Conjurer (level 9, -1/64 HPs)
             Began as a Black Draconian Conjurer on Nov 17, 2020.
             Was a Follower of Vehumet.
             Slain by a two-headed ogre
             ... wielding a +0 giant club
              (21 damage)
             ... on level 8 of the Dungeon.
             The game lasted 00:25:05 (7540 turns).

hawla the Conjurer (Black Draconian Conjurer)       Turns: 7540, Time: 00:25:05

Health: -1/64      AC: 10    Str: 10    XL:     9   Next: 30%
Magic:  10/19      EV: 12    Int: 19    God:    Vehumet [*.....]
Gold:   411        SH:  0    Dex: 12    Spells: 11/21 levels left

rFire    . . .     SeeInvis +   q - +0 quarterstaff
rCold    . . .     Gourm    .   (shield currently unavailable)
rNeg     . . .     Faith    .   (armour unavailable)
rPois    +         Spirit   .   (helmet restricted)
rElec    +         Reflect  .   g - +0 cloak
rCorr    .         Harm     .   f - +0 pair of gloves
MR       .....                  A - +0 pair of boots
Stlth    ++........             e - amulet of magic regeneration
HPRegen  0.20/turn              B - ring of see invisible
MPRegen  0.41/turn              c - ring of poison resistance

@: no status effects
A: breathe lightning, unfitting armour, electricity resistance, cold-blooded, AC
+7
a: Breathe Lightning, Renounce Religion


You were on level 8 of the Dungeon.
You worshipped Vehumet.
Vehumet was aware of your devotion.
You were not hungry.

You visited 2 branches of the dungeon, and saw 9 of its levels.

You collected 411 gold pieces.

Inventory:

Hand Weapons
 q - a +0 quarterstaff (weapon)
Missiles
 l - 11 boomerangs (quivered)
 w - 11 poisoned darts
Armour
 f - a +0 pair of gloves (worn)
 g - a +0 cloak (worn)
 A - a +0 pair of boots (worn)
Jewellery
 c - a ring of poison resistance (right hand)
 e - an amulet of magic regeneration (around neck)
 r - a +4 ring of evasion
 B - a ring of see invisible (left hand)
Scrolls
 n - 5 scrolls of teleportation
 o - a scroll of remove curse
 p - a scroll of fog
 t - a scroll of random uselessness {unknown}
 u - a scroll of amnesia
 v - 4 scrolls of magic mapping
 x - 2 scrolls of identify
 y - a scroll of enchant weapon {unknown}
Potions
 a - 2 potions of heal wounds
 d - 5 potions of haste
 h - a potion of ambrosia
 i - 2 potions of curing
 j - a potion of invisibility
 k - a potion of cancellation
 m - a potion of berserk rage
 s - a potion of brilliance
 z - a potion of might {unknown}
Comestibles
 b - 12 rations


   Skills:
 + Level 1.0 Fighting
 + Level 0.2 Staves
 + Level 0.2 Throwing
 + Level 2.5 Dodging
 + Level 2.2 Stealth
 + Level 6.7 Spellcasting
 + Level 7.7 Conjurations
 + Level 7.5 Translocations


You had 11 spell levels left.
You knew the following spells:

 Your Spells              Type           Power        Failure   Level  Hunger
a - Shock                 Conj/Air       ###.         2%          1    None
b - Searing Ray           Conj           #####.       1%          2    None
c - Iskenderun's Mystic   Conj/Tloc      #####...     4%          4    ####...
d - Gell's Gravitas       Tloc           ####......   1%          3    ##.....

Your spell library contained the following spells:

 Spells                   Type           Power        Failure   Level  Hunger
 Magic Dart               Conj           ####         1%          1    None
 Dazzling Flash           Conj/Hex       ###...       6%          3    ##.....
 Corona                   Hex            #......      11%         1    None
 Ensorcelled Hibernation  Hex/Ice        #.....       16%         2    None
 Fulminant Prism          Conj/Hex       ###.......   22%         4    ####...
 Confusing Touch          Hex            #.......     30%         3    ##.....
 Tukima's Dance           Hex            #.......     30%         3    ##.....
 Petrify                  Tmut/Erth      #.......     71%         4    ####...
 Metabolic Englaciation   Hex/Ice        #.........   96%         5    #####..
 Yara's Violent Unravell  Hex/Tmut       #.........   96%         5    #####..


Dungeon Overview and Level Annotations

Branches:
Dungeon (8/15)             Temple (1/1) D:7
   Lair: D:8-11

Altars:
Ashenzari
Dithmenos
Elyvilon
Fedhas
Gozag
Hepliaklqana
Kikubaaqudgha
Makhleb
Nemelex Xobeh
Okawaru
Qazlal
Ru
Sif Muna
Trog
Uskayaw
Vehumet
Wu Jian
Xom
Yredelemnul
Zin
The Shining One

Shops:
D:6 %

Annotations:
D:3 1 runed translucent door, Crazy Yiuf


Innate Abilities, Weirdness & Mutations

You can breathe wild blasts of lightning.
Your glossy black scales are hard. (AC +7)
You cannot fit into any form of body armour.
You are resistant to electric shocks. (rElec)
You are cold-blooded and may be slowed by cold attacks.


Message History

Confirm with . or Enter, or press ? or * to list all spells.
Aiming: Searing Ray (safe; 1% risk of failure)
Press: ? - help, Shift-Dir - straight line, f/p - two-headed ogre
Aim: a two-headed ogre, wielding a +0 giant club and a +0 giant spiked club (severely wounded)
The searing ray hits the two-headed ogre.
The two-headed ogre is severely wounded. (Press . to maintain the ray.)
The searing ray hits the two-headed ogre!
The two-headed ogre is almost dead.
The two-headed ogre hits you with a +0 giant club!
The two-headed ogre hits you with a +0 giant spiked club!!
The searing ray hits the two-headed ogre.
The two-headed ogre is almost dead.
The two-headed ogre barely misses you.
The two-headed ogre hits you with a +0 giant spiked club.
The searing ray hits the two-headed ogre!
The two-headed ogre is almost dead.
You finish channeling your searing ray.
The two-headed ogre misses you.
The two-headed ogre hits you with a +0 giant spiked club!!
You die...

#.......## #...[
...
##...##.#######....
....
#...##(...........
#.................
#..##.........#. ..
#.........#..
####...........#
.##...........##..
......O@....###
.####...........
.......#######
....!.$..#
......>.##
......... .#.......
........


You could see a two-headed ogre.

Vanquished Creatures
  A hippogriff (D:7)
  Sigmund (D:3)
  A water moccasin (D:5)
  2 orc warriors (D:7)
  A phantom (D:6)
  3 ogres
  A centaur (D:6)
  A big kobold (D:7)
  A bullfrog (D:6)
  5 scorpions
  A bullfrog zombie (D:5)
  4 crimson imps
  A quasit (D:7)
  A centaur skeleton (D:4)
  A jelly (D:6)
  6 orc priests
  2 hounds
  5 orc wizards
  2 bullfrog skeletons (D:5)
  5 worker ants
  A hound skeleton (D:6)
  A worker ant zombie (D:5)
  15 adders
  4 gnolls (D:5)
  A shadow imp (D:7)
  2 adder skeletons
  A worm (D:2)
  3 dart slugs
  5 leopard geckos
  15 orcs
  6 giant cockroaches
  6 goblins
  5 hobgoblins
  3 jackals (D:7)
  14 kobolds
  3 quokkas
  A ball python (D:7)
  9 bats
  8 frilled lizards
  A leopard gecko skeleton (D:4)
  A leopard gecko zombie (D:6)
  A quokka skeleton (D:7)
  7 rats
158 creatures vanquished.

Vanquished Creatures (others)
  An orc warrior (D:5)
  2 centaurs (D:5)
  A scorpion (D:5)
  2 iguanas (D:5)
  An orc (D:5)
  A giant cockroach (D:5)
  A jackal (D:5)
  A quokka (D:5)
10 creatures vanquished.

Grand Total: 168 creatures vanquished

Notes
Turn   | Place    | Note
-------+----------+-------------------------------------------
     0 | D:1      | hawla the Draconian Conjurer began the quest for the Orb.
     0 | D:1      | Reached XP level 1. HP: 14/14 MP: 3/3
   429 | D:1      | Reached XP level 2. HP: 20/20 MP: 2/5
   433 | D:1      | Learned a level 2 spell: Searing Ray
  1509 | D:2      | Reached XP level 3. HP: 18/26 MP: 1/7
  1936 | D:2      | Found a glowing silver altar of Zin.
  1938 | D:2      | Noticed an angel
  1942 | D:2      | Found a shimmering altar of Xom.
  1959 | D:2      | Noticed an ogre
  1965 | D:2      | Killed an ogre
  1965 | D:2      | Reached skill level 5 in Conjurations
  1965 | D:2      | Reached XP level 4. HP: 33/33 MP: 1/9
  1972 | D:2      | Learned a level 4 spell: Iskenderun's Mystic Blast
  2096 | D:2      | Reached XP level 5. HP: 38/38 MP: 7/10
  2219 | D:2      | Reached skill level 1 in Translocations
  2356 | D:3      | Found a hazy altar of Hepliaklqana.
  2699 | D:3      | Found a runed translucent door.
  2700 | D:3      | Noticed Crazy Yiuf
  2867 | D:3      | Noticed Sigmund
  2882 | D:3      | Killed Sigmund
  2882 | D:3      | Reached XP level 6. HP: 22/45 MP: 4/11
  3325 | D:4      | Learned a level 3 spell: Gell's Gravitas
  3740 | D:4      | Reached skill level 5 in Translocations
  4106 | D:5      | Entered Level 5 of the Dungeon
  4107 | D:5      | Found a sparkling altar of Nemelex Xobeh.
  4107 | D:5      | Found a basalt altar of Yredelemnul.
  4115 | D:5      | Your scales start taking on a glossy black colour.
  4115 | D:5      | Reached XP level 7. HP: 48/50 MP: 6/12
  4115 | D:5      | Gained mutation: You are resistant to electric shocks.
                  | (rElec) [Black Draconian growth]
  4133 | D:5      | Found a sacrificial altar of Ru.
  4451 | D:5      | Reached XP level 8. HP: 46/57 MP: 0/15
  4601 | D:5      | Found an opulent altar of Gozag.
  4601 | D:5      | Found a shattered altar of Ashenzari.
  4602 | D:5      | Found a shimmering blue altar of Sif Muna.
  5002 | D:5      | Found a shimmering altar of Xom.
  5120 | D:6      | Reached skill level 5 in Spellcasting
  5567 | D:6      | Found Osotolom's Food Shoppe.
  6051 | D:7      | Found a staircase to the Ecumenical Temple.
  6079 | Temple   | Entered the Ecumenical Temple
  6419 | Temple   | Became a worshipper of Vehumet
  6610 | D:7      | Reached XP level 9. HP: 49/62 MP: 11/18
  7286 | D:7      | Reached skill level 1 in Fighting
  7482 | D:8      | Reached * piety under Vehumet
  7482 | D:8      | Offered knowledge of Shock by Vehumet.
  7486 | D:8      | Learned a level 1 spell: Shock
  7528 | D:8      | Noticed a two-headed ogre
  7540 | D:8      | Slain by a two-headed ogre

Illustrated notes

Levels and vault maps discovered:
D:1:      giann_horns, layout_loops_corners
D:2:      layout_basic, grunt_temple_overflow_order_and_chaos_1
D:3:      layout_basic, lemuel_doored_altar, first_ration,
          hangedman_abyss_or_decor_lesser_grid, uniq_crazy_yiuf_cottage,
          uniq_sigmund
D:4:      kennysheep_big_flooded_room, layout_loops_cross
D:5:      layout_basic, yredelemnul_altar_generic, grunt_temple_overflow_open,
          corner_web_ring, xom_confusion_cloud
D:6:      layout_basic, serial_shops, nicolae_shop_waterfront
D:7:      layout_loops_ring, minmay_temple_entry_mist
D:8:      layout_rooms, st_stairs_10
Temple:   minmay_temple_forest_path

Skill      XL: |  1  2  3  4  5  6  7  8  9 |
---------------+----------------------------+-----
Spellcasting   | 3 4 6 |  6.7
Conjurations   | 5 6 7 |  7.7
Translocations | 4 5 6 7 |  7.5
Dodging        | 2 |  2.5
Stealth        | 2 |  2.2
Fighting       | 1 |  1.0
Staves         | |  0.2
Throwing       | |  0.2

Action                   |  1- 3 |  4- 6 |  7- 9 || total
-------------------------+-------+-------+-------++-------
Melee: Unarmed           |     6 |       |       ||     6
       Tailslap          |     1 |       |     6 ||     7
       Dagger            |       |     3 |    22 ||    25
       Quarterstaff      |       |       |    18 ||    18
Throw: Boomerang         |       |     1 |     3 ||     4
 Cast: Magic Dart        |    65 |    45 |    61 ||   171
       Searing Ray       |     5 |    18 |    51 ||    74
       Iskenderun's Myst |       |     5 |    19 ||    24
       Gell's Gravitas   |       |     2 |     5 ||     7
       Shock             |       |       |     6 ||     6
 Abil: Breathe Lightning |       |       |     3 ||     3
  Use: Scroll            |     1 |     9 |     5 ||    15
       Potion            |       |     1 |     2 ||     3
  Eat: Chunk             |     4 |     8 |    13 ||    25
       Ration            |       |       |     1 ||     1
Armor: Skin              |    21 |    15 |    40 ||    76
Dodge: Dodged            |    40 |    30 |   104 ||   174
